[Event "Titled Tuesday Blitz August 1 Early 2023"]
[White "Shapiro, Daniel"]
[Black "Burmakin, Vladimir"]
[WhiteFideId "2001780"]
[BlackFideId "4105109"]
[WhiteElo "2368"]
[BlackElo "2615"]
[Result "0-1"]
[Round "2"]
[TimeControl "180+1"]
[Date "2023.08.01"]
[WhiteClock "0:00:08"]
[BlackClock "0:01:20"]
[Board "167"]

1. d4 c6 2. c4 Nf6 3. Nf3 d5 4. Qb3 e6 5. Nc3 Bd6 6. g3 Nbd7 7. Bg2 O-O 8. O-O Qe7 9. Nd2 dxc4 10. Nxc4 Bc7 11. Bf4 e5 12. dxe5 Nxe5 13. Nxe5 Bxe5 14. Bxe5 Qxe5 15. Rad1 Qe7 16. e4 Be6 17. Qc2 Rfd8 18. h3 h6 19. Kh2 Qc5 20. f4 b5 21. a3 a5 22. Qf2 Qxf2 23. Rxf2 b4 24. Rxd8+ Rxd8 25. axb4 axb4 26. Na4 Bc4 27. Nc5 Rd1 28. Rc2 Bb5 29. Nb7 b3 30. Rc3 Rd2 31. Rxb3 Bf1 32. Kg1 Bxg2 33. h4 Bxe4 34. Nc5 Bd5 35. Re3 Ng4 0-1


[Site "https://www.chess.com"]

[Event "Titled Tuesday Blitz August 1 Early 2023"]
[White "Stepanencu, Nicodim-Cosmin"]
[Black "Silva, Pedro Gil Ferreira Da"]
[WhiteFideId "1256220"]
[BlackFideId "1946102"]
[WhiteElo "2614"]
[BlackElo "2366"]
[Result "0-1"]
[Round "2"]
[TimeControl "180+1"]
[Date "2023.08.01"]
[WhiteClock "0:00:07"]
[BlackClock "0:00:54"]
[Board "168"]

1. d4 Nf6 2. Bg5 e6 3. Nd2 d5 4. e3 Be7 5. Bd3 Nbd7 6. c3 b6 7. f4 Bb7 8. Ngf3 O-O 9. O-O Ne4 10. Bxe7 Qxe7 11. Ne5 f6 12. Nxd7 Qxd7 13. Qc2 Nxd2 14. Qxd2 Rae8 15. c4 Qd6 16. Rac1 e5 17. cxd5 exd4 18. e4 Kh8 19. Bb1 f5 20. e5 Qxd5 21. Rxc7 Rd8 22. Bd3 Rd7 23. Rfc1 Rxc7 24. Rxc7 Rc8 25. Rxc8+ Bxc8 26. Qc2 Bb7 27. b3 g6 28. Qe2 Bc8 29. Bc4 Qc5 30. Qd3 Kg7 31. h4 a6 32. a4 Bd7 33. e6 Be8 34. b4 Qd6 35. Bxa6 Bxa4 36. Bc4 Kf6 37. g3 Bc6 38. Kf2 Ke7 39. b5 Bb7 40. Bb3 Qc5 41. Qc4 Qxc4 42. Bxc4 Be4 43. Ke2 h6 44. Kd2 Kd6 45. Bb3 Ke7 46. Bc4 Kd6 47. Ba2 Ke7 48. Ke2 Kd6 49. Ke1 Ke7 50. Kd2 Kd6 51. Kc1 Ke7 52. Kb2 Kd6 53. Ka3 d3 54. Kb2 d2 55. Bb3 Bf3 56. e7 Kxe7 57. Kc3 d1=Q 58. Bxd1 Bxd1 59. Kd4 Be2 60. Ke5 Bxb5 61. h5 gxh5 62. Kxf5 Be8 63. Ke5 b5 64. f5 b4 65. f6+ Kf7 66. Kf5 b3 67. Ke5 b2 0-1


[Site "https://www.chess.com"]

[Event "Titled Tuesday Blitz August 1 Early 2023"]
[White "brm72"]
[Black "Lopez Gracia, Fernando"]
[BlackFideId "2207184"]
[WhiteElo "2606"]
[BlackElo "2365"]
[Result "1-0"]
[Round "2"]
[TimeControl "180+1"]
[Date "2023.08.01"]
[WhiteClock "0:00:24"]
[BlackClock "0:00:14"]
[Board "169"]

1. e4 c5 2. Nf3 e6 3. d4 cxd4 4. Nxd4 Nc6 5. Nc3 Qc7 6. Be3 a6 7. Qd2 Nf6 8. f3 b5 9. O-O-O Bb7 10. g4 Nxd4 11. Bxd4 Rc8 12. Kb1 d5 13. g5 Nd7 14. exd5 e5 15. Be3 Bb4 16. Bd3 g6 17. Be4 Bxc3 18. Qxc3 Qxc3 19. bxc3 Rxc3 20. Bc1 O-O 21. Bb2 Rc4 22. Bd3 Rf4 23. Be4 Re8 24. h4 Nc5 25. Rde1 Nxe4 26. fxe4 f6 27. gxf6 Kf7 28. Rhf1 Rxf1 29. Rxf1 h5 30. Ba3 Rc8 31. Be7 Rc4 32. Re1 Bc8 33. Re3 Bd7 34. Kb2 a5 35. Ra3 a4 36. Rc3 Rxe4 37. Rc7 Ke8 38. Bc5 Rc4 39. f7+ Kxf7 40. Rxd7+ Kf6 41. Be7+ Kf5 42. Bg5 Rd4 43. Kc3 Rc4+ 44. Kd3 Rd4+ 45. Ke2 Ke4 46. d6 Kd5 47. Rb7 Ke6 48. Rxb5 Rxd6 49. Rb4 Rc6 50. Kd2 Rd6+ 51. Kc1 Ra6 52. Kb2 Kf5 53. Ka3 Rc6 54. Kb2 Ra6 55. Ka3 Rc6 56. c4 e4 57. Kxa4 Kg4 58. Kb5 Rc8 59. c5 Kf3 60. Rb3+ Kf2 61. c6 Re8 62. Kb6 e3 63. Rxe3 Rb8+ 64. Kc7 Rb2 65. Kd7 Rd2+ 66. Kc8 Rc2 67. c7 Rxa2 68. Kd8 Rd2+ 69. Kc8 Rc2 70. Re6 Kf3 71. Rxg6 Kg4 72. Kd7 Kf5 73. Rd6 Kg4 74. c8=Q Rxc8 75. Kxc8 Kf5 76. Kd7 Kg4 77. Ke6 Kh3 78. Kf6 Kg4 79. Kg6 Kh3 80. Kxh5 Kg3 81. Kg6 Kg4 82. Rf6 Kg3 83. h5 Kg4 84. h6 Kg3 85. h7 Kg4 86. h8=Q Kg3 87. Qh4+ Kg2 88. Rf2+ Kg1 89. Qh2# 1-0


[Site "https://www.chess.com"]

[Event "Titled Tuesday Blitz August 1 Early 2023"]
[White "Ahmad, Khagan"]
[Black "Han, Yichen"]
[WhiteFideId "13431552"]
[BlackFideId "1054430"]
[WhiteElo "2578"]
[BlackElo "2365"]
[Result "0-1"]
[Round "2"]
[TimeControl "180+1"]
[Date "2023.08.01"]
[WhiteClock "0:00:00"]
[BlackClock "0:00:21"]
[Board "170"]

1. d4 Nf6 2. c4 e6 3. Nf3 a6 4. g3 b5 5. Nbd2 Bb7 6. Bg2 Bb4 7. c5 O-O 8. O-O d6 9. a3 Bxd2 10. Bxd2 Ne4 11. b4 Nd7 12. Qc2 Bd5 13. Ne1 Ndf6 14. Nd3 Qd7 15. f3 Nxd2 16. Qxd2 Bc4 17. Rfc1 Rad8 18. e3 e5 19. cxd6 cxd6 20. e4 Qa7 21. Nb2 Be6 22. Qf2 exd4 23. Rd1 d5 24. e5 Nd7 25. Nd3 Rc8 26. Rac1 Rc4 27. f4 Bf5 28. Nb2 Rxc1 29. Rxc1 Be4 30. Rd1 Rc8 31. Qxd4 Qxd4+ 32. Rxd4 Bxg2 33. Kxg2 Rc2+ 34. Kh3 Rxb2 35. Rxd5 Nf8 36. Rd6 g6 37. Rxa6 Ne6 38. Ra5 Rb3 39. Kg4 h5+ 40. Kh4 Nd4 41. Kh3 Kg7 42. Ra6 Rb2 43. Rd6 Nf3 44. g4 h4 45. g5 Rxh2+ 46. Kg4 Nd2 47. Rd7 Kf8 48. f5 gxf5+ 49. Kxf5 Nc4 50. e6 Rf2+ 51. Kg4 Ne5+ 0-1


[Site "https://www.chess.com"]

[Event "Titled Tuesday Blitz August 1 Early 2023"]
[White "robertoalejandro10"]
[Black "Akylbek2021"]
[WhiteElo "2578"]
[BlackElo "2364"]
[Result "1-0"]
[Round "2"]
[TimeControl "180+1"]
[Date "2023.08.01"]
[WhiteClock "0:00:56"]
[BlackClock "0:00:23"]
[Board "171"]

1. Nf3 Nf6 2. b3 g6 3. Bb2 Bg7 4. c4 O-O 5. g3 c6 6. Bg2 d5 7. O-O Bf5 8. d3 Nbd7 9. Nbd2 Re8 10. Ne5 Nxe5 11. Bxe5 Qd7 12. Qc2 Bh3 13. Qb2 Bxg2 14. Kxg2 Nh5 15. Nf3 f6 16. Bc3 e5 17. cxd5 cxd5 18. Rac1 d4 19. Bb4 Rac8 20. Rxc8 Rxc8 21. Rc1 Bh6 22. Rxc8+ Qxc8 23. Qa3 a6 24. Qa5 b5 25. Qb6 Bf8 26. Bxf8 Kxf8 27. Qa7 Ng7 28. Nd2 f5 29. Nf3 Qe6 30. Ng5 Qc6+ 31. f3 Kg8 32. Qf7+ Kh8 33. Qf8# 1-0


[Site "https://www.chess.com"]

[Event "Titled Tuesday Blitz August 1 Early 2023"]
[White "Llanos, Guillermo"]
[Black "Kupervaser, Erez"]
[WhiteFideId "100358"]
[BlackFideId "2814587"]
[WhiteElo "2363"]
[BlackElo "2575"]
[Result "1-0"]
[Round "2"]
[TimeControl "180+1"]
[Date "2023.08.01"]
[WhiteClock "0:01:10"]
[BlackClock "0:01:23"]
[Board "172"]

1. b3 e5 2. Bb2 Nc6 3. e3 g6 4. Nf3 Bg7 5. d4 exd4 6. Nxd4 Nf6 7. Nxc6 bxc6 8. Be2 O-O 9. O-O a5 10. a4 d6 11. Bf3 Bd7 12. Qe1 h5 13. Bc3 Ng4 14. Bxg7 Kxg7 15. Na3 Qh4 16. h3 Qf6 17. Nc4 d5 18. Nd2 Qd6 19. hxg4 hxg4 20. Be2 Rh8 21. g3 Rh3 22. Kg2 Rah8 23. Rg1 Bf5 24. Bd3 Qf6 25. Qe2 Rh2+ 26. Kf1 Qxa1+ 27. Qe1 Bxd3+ 28. cxd3 Qc3 29. Ke2 Re8 30. Nf1 Rh5 31. Qxc3+ 1-0


[Site "https://www.chess.com"]

[Event "Titled Tuesday Blitz August 1 Early 2023"]
[White "Borgaonkar Akshay"]
[Black "Gomes, Luiz Alexandre de Souza"]
[WhiteFideId "25639110"]
[BlackFideId "2102790"]
[WhiteElo "2574"]
[BlackElo "2361"]
[Result "1-0"]
[Round "2"]
[TimeControl "180+1"]
[Date "2023.08.01"]
[WhiteClock "0:02:46"]
[BlackClock "0:01:40"]
[Board "173"]

1. d4 Nf6 2. Nc3 d5 3. Bf4 e6 4. Nb5 Na6 5. e3 c6 6. Nc3 Nc7 7. Nf3 Bd6 8. Ne5 a6 9. Bd3 Qe7 10. Na4 Bd7 11. Nb6 Rd8 12. c4 Bc8 13. c5 Bxe5 14. Bxe5 g6 15. Qf3 1-0


[Site "https://www.chess.com"]

[Event "Titled Tuesday Blitz August 1 Early 2023"]
[White "Tologon tegin, Semetei"]
[Black "Hrbek, Stepan"]
[WhiteFideId "13800574"]
[BlackFideId "393479"]
[WhiteElo "2570"]
[BlackElo "2359"]
[Result "1-0"]
[Round "2"]
[TimeControl "180+1"]
[Date "2023.08.01"]
[WhiteClock "0:01:34"]
[BlackClock "0:00:00"]
[Board "174"]

1. e4 e5 2. Nc3 Nf6 3. f4 d5 4. fxe5 Nxe4 5. Nf3 Be7 6. Qe2 Nxc3 7. dxc3 Be6 8. Bf4 c5 9. O-O-O Nc6 10. Qf2 h6 11. h4 Qa5 12. a3 O-O-O 13. g3 Rhg8 14. h5 Qa4 15. Bh3 c4 16. Bxe6+ fxe6 17. Nd4 Bc5 18. Qf3 Bxd4 19. cxd4 Na5 20. Bd2 Nc6 21. Qg4 Kd7 22. Rhf1 a5 23. Rf7+ Ne7 24. Rdf1 Rde8 25. Rxg7 Rxg7 26. Qxg7 Rg8 27. Qh7 Rxg3 28. Rf7 Rg1+ 29. Be1 1-0


[Site "https://www.chess.com"]

[Event "Titled Tuesday Blitz August 1 Early 2023"]
[White "Guz, Ari"]
[Black "Lopez Del Alamo, Antonio"]
[WhiteFideId "2825759"]
[BlackFideId "2227339"]
[WhiteElo "2569"]
[BlackElo "2359"]
[Result "1-0"]
[Round "2"]
[TimeControl "180+1"]
[Date "2023.08.01"]
[WhiteClock "0:00:21"]
[BlackClock "0:01:07"]
[Board "175"]

1. e4 c5 2. Nf3 e6 3. d4 cxd4 4. Nxd4 Nf6 5. Nc3 Nc6 6. Nxc6 bxc6 7. e5 Nd5 8. Ne4 Bb7 9. c4 Nb4 10. c5 Qb8 11. Nd6+ Bxd6 12. exd6 Ba6 13. Bxa6 Nxa6 14. O-O Nxc5 15. Qd4 Qb5 16. Be3 Na4 17. Qxg7 O-O-O 18. b3 Rhg8 19. Qd4 Nb6 20. a4 Qf5 21. a5 Qd5 22. Qxd5 Nxd5 23. Bxa7 Kb7 24. Bc5 Ka6 25. g3 f5 26. Rfd1 Rb8 27. Bb6 h5 28. Rd4 f4 29. Raa4 h4 30. Kg2 fxg3 31. fxg3 hxg3 32. hxg3 Rg6 33. Rg4 Rbg8 34. Rxg6 Rxg6 35. Bf2 Nc3 36. Rh4 Kxa5 37. Be1 Kb5 38. Bxc3 c5 39. Be5 Kc6 40. Rh7 Rg5 41. Bf4 Rd5 42. Rh8 e5 43. Rc8+ Kb5 44. Be3 Rxd6 45. Rxc5+ Kb4 46. Rxe5 Kxb3 47. g4 Kc4 48. g5 Kd3 49. Kf3 Ra6 50. Bf4 d6 51. Rd5+ Kc4 52. Rxd6 1-0


[Site "https://www.chess.com"]

[Event "Titled Tuesday Blitz August 1 Early 2023"]
[White "Gu, Xiaobing"]
[Black "Cnejev, Vladimir-Alexandru"]
[WhiteFideId "8602611"]
[BlackFideId "1260898"]
[WhiteElo "2359"]
[BlackElo "2549"]
[Result "0-1"]
[Round "2"]
[TimeControl "180+1"]
[Date "2023.08.01"]
[WhiteClock "0:00:11"]
[BlackClock "0:00:18"]
[Board "176"]

1. e4 e5 2. d4 exd4 3. Qxd4 Nc6 4. Qe3 Nf6 5. Bd2 Be7 6. Nc3 O-O 7. O-O-O d5 8. exd5 Nxd5 9. Qf3 Nxc3 10. Bxc3 Bd6 11. Bd3 Qg5+ 12. Bd2 Qe7 13. Nh3 Ne5 14. Bxh7+ Kxh7 15. Qh5+ Kg8 16. Ng5 Bf5 17. Rde1 Qd7 18. Bc3 Bg6 19. Qh4 Qg4 20. Qxg4 Nxg4 21. f3 Bf4+ 22. Kb1 Bxg5 23. fxg4 Rfe8 24. h4 Bf4 25. h5 Be4 26. Re2 Bc6 27. Rf2 Bg3 28. Rd2 Be5 29. Bxe5 Rxe5 30. h6 gxh6 31. b4 Kg7 32. a3 Rae8 33. c4 Re1+ 34. Rxe1 Rxe1+ 35. Kc2 Rg1 36. b5 Bxg2 37. Rd7 Bf3 38. Rxc7 Rxg4 39. c5 h5 40. Kd3 h4 41. c6 bxc6 42. bxc6 h3 43. Rxa7 Bxc6 44. Ra6 h2 0-1


[Site "https://www.chess.com"]

[Event "Titled Tuesday Blitz August 1 Early 2023"]
[White "Castaneda, Jhon David"]
[Black "Yonal, Timur"]
[WhiteFideId "4405048"]
[BlackFideId "44115725"]
[WhiteElo "2545"]
[BlackElo "2356"]
[Result "1-0"]
[Round "2"]
[TimeControl "180+1"]
[Date "2023.08.01"]
[WhiteClock "0:00:06"]
[BlackClock "0:00:00"]
[Board "177"]

1. d4 d5 2. Nf3 Nf6 3. c4 e6 4. Nc3 a6 5. e3 dxc4 6. Bxc4 b5 7. Bb3 Bb7 8. O-O Be7 9. Ne5 Nbd7 10. f4 O-O 11. Qe2 c5 12. Rd1 Qb6 13. a4 cxd4 14. exd4 b4 15. a5 Qa7 16. Na4 Rfd8 17. Be3 Bd5 18. Bxd5 Nxd5 19. Nc6 Qc7 20. Nxd8 Qxd8 21. Nc5 Nxc5 22. dxc5 Qc7 23. Rdc1 Qc6 24. g3 Bf6 25. Bf2 Rd8 26. Rd1 g6 27. Rd2 h5 28. Qc4 h4 29. gxh4 Kg7 30. h5 Rh8 31. hxg6 Rg8 32. gxf7 Kxf7+ 33. Bg3 Bh4 34. Rd3 Rg4 35. Rf1 Ke7 36. Qd4 Bf6 37. Qe4 Qb5 38. Rxd5 Qc6 39. Re5 Qb5 40. Rxe6+ Kf7 41. Qf5 1-0


[Site "https://www.chess.com"]

[Event "Titled Tuesday Blitz August 1 Early 2023"]
[White "Eynullayev, Altay"]
[Black "Jegorovas, Aleksandras"]
[WhiteFideId "13413562"]
[BlackFideId "12801950"]
[WhiteElo "2544"]
[BlackElo "2354"]
[Result "1-0"]
[Round "2"]
[TimeControl "180+1"]
[Date "2023.08.01"]
[WhiteClock "0:00:11"]
[BlackClock "0:00:11"]
[Board "178"]

1. e4 c6 2. d4 d5 3. e5 Bf5 4. Bd3 Bxd3 5. Qxd3 e6 6. Ne2 Qa5+ 7. c3 Qa6 8. Qd1 Nd7 9. O-O Ne7 10. Nd2 Nf5 11. Nf3 h5 12. Bg5 c5 13. Re1 Rc8 14. h4 cxd4 15. cxd4 Bb4 16. Bd2 Be7 17. Bg5 Bb4 18. Rf1 O-O 19. a3 Ba5 20. Ng3 Nxg3 21. fxg3 g6 22. g4 hxg4 23. Nh2 Rc4 24. Nxg4 Rxd4 25. Qf3 Qd3 26. Nh6+ Kg7 27. Qxf7+ Rxf7 28. Rxf7+ Kh8 29. Rxd7 Rf4 30. Bxf4 Bd2 31. Bxd2 Qxd2 32. Nf7+ Kg8 33. Rf1 Qd4+ 34. Rf2 Qxh4 35. Nd8 Qd4 36. Nxe6 Qd1+ 37. Rf1 1-0


[Site "https://www.chess.com"]

[Event "Titled Tuesday Blitz August 1 Early 2023"]
[White "Bashirli, Saadat"]
[Black "Bruedigam, Martin"]
[WhiteFideId "13429990"]
[BlackFideId "24608033"]
[WhiteElo "2353"]
[BlackElo "2542"]
[Result "0-1"]
[Round "2"]
[TimeControl "180+1"]
[Date "2023.08.01"]
[WhiteClock "0:00:03"]
[BlackClock "0:00:13"]
[Board "179"]

1. e4 c5 2. c3 d6 3. d4 Nf6 4. Bd3 Nc6 5. Nf3 g6 6. O-O Bg7 7. h3 O-O 8. Be3 cxd4 9. cxd4 Nb4 10. Nc3 Nxd3 11. Qxd3 Bd7 12. Rac1 a6 13. Rfd1 Rc8 14. a3 Bc6 15. d5 Bd7 16. Nd4 Qa5 17. f4 Rfd8 18. Nf3 Bb5 19. Qb1 Nh5 20. Nxb5 Qxb5 21. b3 Ng3 22. Kh2 Nh5 23. Qa2 Nf6 24. Qb1 Nd7 25. Nd4 Bxd4 26. Bxd4 f6 27. Qb2 Nc5 28. Bxc5 Rxc5 29. Rxc5 Qxc5 30. Rc1 Qe3 31. Qc2 Qxf4+ 32. Kh1 Kf7 33. Qc7 Re8 34. Rc4 b5 35. Rb4 g5 36. Qd7 Qe5 37. Qc7 Qa1+ 38. Kh2 Qxa3 39. Qc3 Qa5 40. Qd2 h5 41. Qc3 Rd8 42. Kg1 Rd7 43. Kh2 Rc7 44. Qd2 Rc5 45. h4 gxh4 46. Kh3 Ke8 47. Kxh4 Kd7 48. Kxh5 Qa1 49. g4 Qh1+ 50. Kg6 Rc8 51. Qh6 Rg8+ 52. Kh7 Rh8+ 53. Kxh8 Qxh6+ 54. Kg8 Qd2 55. Kf8 Qxb4 56. Kf7 Qxb3 57. Kg7 Qg3 0-1


[Site "https://www.chess.com"]

[Event "Titled Tuesday Blitz August 1 Early 2023"]
[White "Senft, Sean"]
[Black "Velasco, Santiago"]
[WhiteFideId "2044960"]
[BlackFideId "4401328"]
[WhiteElo "2352"]
[BlackElo "2537"]
[Result "1/2-1/2"]
[Round "2"]
[TimeControl "180+1"]
[Date "2023.08.01"]
[WhiteClock "0:00:20"]
[BlackClock "0:01:12"]
[Board "180"]

1. d4 d5 2. c4 e6 3. Nc3 Nf6 4. cxd5 exd5 5. Bg5 c6 6. e3 Be7 7. Bd3 Nfd7 8. Qc2 Bxg5 9. Nf3 Bf6 10. h4 Nb6 11. Ng5 h6 12. Nh3 Bxh3 13. Rxh3 Na6 14. a3 Nc7 15. g4 Ne6 16. O-O-O Rc8 17. Kb1 Nc4 18. f4 b5 19. e4 Nxd4 20. Qf2 Qb6 21. exd5 Nb3 22. Qe2+ Kf8 23. g5 hxg5 24. fxg5 Bxg5 25. Qg4 Ncd2+ 26. Ka2 Qd8 27. hxg5 Rxh3 28. Qxh3 b4 29. Bc2 bxc3 30. Bxb3 cxd5 31. Qh8+ Ke7 32. Qxg7 Nxb3 33. Qf6+ Kf8 34. Qh8+ Ke7 35. Qe5+ Kf8 36. Qh8+ Ke7 37. Qf6+ Kf8 38. Qh8+ 1/2-1/2


[Site "https://www.chess.com"]

[Event "Titled Tuesday Blitz August 1 Early 2023"]
[White "Topalov, Aleksandar"]
[Black "Fonseca Manrique, Enrique"]
[WhiteFideId "925659"]
[BlackFideId "5114330"]
[WhiteElo "2350"]
[BlackElo "2534"]
[Result "0-1"]
[Round "2"]
[TimeControl "180+1"]
[Date "2023.08.01"]
[WhiteClock "0:00:10"]
[BlackClock "0:00:11"]
[Board "181"]

1. b3 d5 2. Bb2 Bg4 3. g3 Nf6 4. Bg2 e6 5. Nf3 Nbd7 6. O-O Be7 7. d3 O-O 8. Nbd2 c5 9. a4 Rc8 10. e4 c4 11. e5 c3 12. exf6 Bxf6 13. Ba3 cxd2 14. Rb1 Re8 15. Qxd2 Bc3 16. Qe2 Qf6 17. h3 Bh5 18. g4 Bg6 19. Bc1 e5 20. Bg5 Qd6 21. Nh4 f6 22. Be3 Bf7 23. Nf5 Qa6 24. Bc1 Nf8 25. Ba3 Ng6 26. Nd6 Nf4 27. Qf3 Be6 28. Nxe8 Rxe8 29. Bb2 Qc6 30. Bxc3 Qxc3 31. Rbc1 d4 32. Qxb7 h5 33. Qc6 Rc8 34. Qxc3 Rxc3 35. Rfe1 hxg4 36. hxg4 Bxg4 37. f3 Be6 38. Kf2 Kf7 39. Bf1 Bd5 40. Re4 g5 41. Rxf4 gxf4 42. Bh3 a5 43. Bg4 Kg6 44. Ke2 f5 45. Bh3 e4 46. fxe4 fxe4 47. dxe4 Bxe4 48. Bf1 Kf5 49. Kd2 f3 50. Bc4 Kf4 51. Bd3 Bxd3 52. cxd3 Rxc1 0-1


[Site "https://www.chess.com"]

[Event "Titled Tuesday Blitz August 1 Early 2023"]
[White "Gauri, Shankar"]
[Black "AndresDelgado77"]
[WhiteFideId "5041350"]
[WhiteElo "2532"]
[BlackElo "2348"]
[Result "1-0"]
[Round "2"]
[TimeControl "180+1"]
[Date "2023.08.01"]
[WhiteClock "0:00:10"]
[BlackClock "0:00:00"]
[Board "182"]

1. d4 Nf6 2. Nf3 d5 3. c4 c6 4. Nc3 dxc4 5. a4 Bf5 6. e3 e6 7. Bxc4 Bb4 8. O-O Nbd7 9. Qe2 Bg4 10. h3 Bxf3 11. Qxf3 O-O 12. Bb3 Qa5 13. Bd2 c5 14. Qxb7 Rab8 15. Qf3 cxd4 16. exd4 Qb6 17. Ba2 Qxd4 18. Be3 Qe5 19. Bxa7 Bd6 20. g3 Rxb2 21. Nb5 Bc5 22. Bxc5 Nxc5 23. Bc4 Nce4 24. Bd3 Nd2 25. Qe2 Qd5 26. Nc3 Nf3+ 27. Kh1 Qb7 28. Be4 Nxe4 29. Qxe4 Qxe4 30. Nxe4 Ra8 31. Kg2 Ne5 32. a5 Rb5 33. a6 Rb6 34. Nc5 Rc6 35. Rfc1 Kf8 36. f4 1-0


[Site "https://www.chess.com"]

[Event "Titled Tuesday Blitz August 1 Early 2023"]
[White "Shapiro, Viktor"]
[Black "Goswami, Vedant"]
[WhiteFideId "4175700"]
[BlackFideId "5003725"]
[WhiteElo "2531"]
[BlackElo "2348"]
[Result "1-0"]
[Round "2"]
[TimeControl "180+1"]
[Date "2023.08.01"]
[WhiteClock "0:01:08"]
[BlackClock "0:00:00"]
[Board "183"]

1. c4 Nf6 2. Nc3 a6 3. g3 c6 4. a4 d5 5. cxd5 cxd5 6. Bg2 d4 7. Nb1 d3 8. e3 Nc6 9. Nf3 Nb4 10. Na3 Qc7 11. O-O Bg4 12. h3 Bh5 13. g4 Bg6 14. b3 Nc2 15. Bb2 Nxa1 16. Qxa1 h5 17. Ne5 hxg4 18. hxg4 Nd7 19. Nac4 f6 20. Nf3 Be4 21. Rc1 Bxf3 22. Bxf3 Qh2+ 23. Kf1 Rh3 24. Bg2 Rh4 25. f3 Qg3 26. e4 Rh2 27. Ne3 e5 28. Ba3 Bxa3 29. Qxa3 Rxg2 30. Nxg2 Qxf3+ 31. Kg1 Kf7 32. Qd6 Rd8 33. Rc7 Qxg4 34. Qxd3 1-0


[Site "https://www.chess.com"]

[Event "Titled Tuesday Blitz August 1 Early 2023"]
[White "Palczert, Matyas"]
[Black "Pavlidou, Ekaterini"]
[WhiteFideId "784958"]
[BlackFideId "4213262"]
[WhiteElo "2524"]
[BlackElo "2337"]
[Result "1-0"]
[Round "2"]
[TimeControl "180+1"]
[Date "2023.08.01"]
[WhiteClock "0:00:12"]
[BlackClock "0:00:19"]
[Board "185"]

1. b3 c5 2. Bb2 Nc6 3. c4 e5 4. Nc3 d6 5. g3 f5 6. Bg2 Nf6 7. d3 Be7 8. e3 O-O 9. Nge2 Be6 10. O-O g5 11. f4 h6 12. Nd5 Rf7 13. Qd2 Bf8 14. e4 Bxd5 15. exd5 Nd4 16. Bxd4 exd4 17. fxg5 Ng4 18. g6 Rf6 19. Nf4 Ne3 20. Ne6 Qe8 21. Nc7 Qc8 22. Nxa8 Nxf1 23. Rxf1 Qxa8 24. Bh3 Qc8 25. Qe2 Kg7 26. Re1 Rxg6 27. Qf3 Rf6 28. Kf2 Qd7 29. Re6 Rxe6 30. dxe6 Qxe6 31. Bxf5 Qf7 32. Bc8 Qxf3+ 33. Kxf3 b6 34. Ke4 Kf6 35. Kd5 Ke7 36. Kc6 Kd8 37. Kb7 Be7 38. Be6 Bg5 39. Bd5 Be3 40. Kxa7 Kc7 41. Ka6 Bd2 42. Kb5 Be3 43. Ka4 Bd2 44. g4 Bc1 45. b4 Bd2 46. bxc5 dxc5 47. Kb5 Be1 48. Ka4 Bd2 49. Kb3 Be3 50. Kc2 Kd6 51. Kd1 Ke5 52. Ke2 Kf4 53. Be6 Bg1 54. h3 Kg3 55. Bf5 Be3 56. Kd1 Bg5 57. Kc2 Kxh3 58. Kb3 Bd2 59. g5+ Kh4 60. g6 Kg5 61. g7 Kxf5 62. g8=Q Kf4 63. Qg2 Ke3 64. Kc2 Bc3 65. Qh3+ Ke2 66. Qxh6 Kf3 67. Qxb6 Ke3 68. a4 Bd2 69. a5 Bb4 70. a6 Kf4 71. a7 Ke3 72. a8=Q Ke2 73. Qe4+ 1-0


[Site "https://www.chess.com"]

[Event "Titled Tuesday Blitz August 1 Early 2023"]
[White "Gutkin, Ilya"]
[Black "Elissalt Cardenas, Hector"]
[WhiteFideId "16203470"]
[BlackFideId "3500632"]
[WhiteElo "2514"]
[BlackElo "2334"]
[Result "0-1"]
[Round "2"]
[TimeControl "180+1"]
[Date "2023.08.01"]
[WhiteClock "0:00:02"]
[BlackClock "0:00:23"]
[Board "186"]

1. e4 d6 2. d4 Nf6 3. f3 e5 4. dxe5 dxe5 5. Qxd8+ Kxd8 6. Bc4 Be6 7. Bxe6 fxe6 8. Be3 Bd6 9. Nd2 Nbd7 10. Ne2 Ke7 11. h4 h6 12. O-O-O a6 13. g4 Raf8 14. g5 hxg5 15. Bxg5 b5 16. Rdg1 Kf7 17. Rg2 Rh7 18. Rf1 Nh5 19. Kd1 Ke8 20. Nb3 Nf4 21. Bxf4 exf4 22. Nbd4 Rf6 23. Rfg1 Kf7 24. h5 Be5 25. c3 Bd6 26. Rg5 Ne5 27. b4 Nc4 28. Ke1 Ne5 29. Kf2 Nd3+ 30. Kf1 Ne5 31. Rh1 Nd3 32. Rh3 Ne5 33. Rxe5 Bxe5 34. Nc6 Bd6 35. e5 Rf5 36. exd6 cxd6 37. Ncd4 Rfxh5 38. Rxh5 Rxh5 39. Kg2 e5 40. Nb3 Rh8 41. Nd2 Rc8 42. Ne4 Ke6 43. Ng5+ Kf5 44. Ne4 Ke6 45. Kh3 Rc4 46. Kg4 a5 47. a3 axb4 48. axb4 Rc8 49. Kg5 Rh8 50. Kg6 Rh2 51. Ng1 Rg2+ 52. Kh7 Rxg1 53. Kg8 g5 54. Kg7 g4 55. fxg4 Rxg4+ 56. Kh6 Rg1 57. Ng5+ Rxg5 58. Kxg5 f3 0-1


[Site "https://www.chess.com"]

[Event "Titled Tuesday Blitz August 1 Early 2023"]
[White "Maung, Maung Kyaw Zaw Hein"]
[Black "Santos Flores, Alberto"]
[WhiteFideId "13001698"]
[BlackFideId "3601234"]
[WhiteElo "2333"]
[BlackElo "2512"]
[Result "0-1"]
[Round "2"]
[TimeControl "180+1"]
[Date "2023.08.01"]
[WhiteClock "0:02:28"]
[BlackClock "0:02:32"]
[Board "187"]

1. Nf3 c5 2. c4 Nc6 3. d4 cxd4 4. Nxd4 g6 5. e4 Nf6 6. Be3 Nxe4 7. Bd3 Nf6 8. Nc3 Bg7 9. Qd2 O-O 10. O-O-O d5 11. cxd5 Nxd5 12. Nxc6 bxc6 13. Nxd5 Qxd5 14. h4 Qxa2 15. h5 Rb8 16. b4 Qa3+ 0-1


[Site "https://www.chess.com"]

[Event "Titled Tuesday Blitz August 1 Early 2023"]
[White "Rodchenkov, Sergey D."]
[Black "Gueci, Tea"]
[WhiteFideId "4168712"]
[BlackFideId "872342"]
[WhiteElo "2511"]
[BlackElo "2333"]
[Result "1-0"]
[Round "2"]
[TimeControl "180+1"]
[Date "2023.08.01"]
[WhiteClock "0:00:17"]
[BlackClock "0:00:04"]
[Board "188"]

1. e4 c5 2. Nf3 e6 3. d4 cxd4 4. Nxd4 Nf6 5. Nc3 d6 6. g4 h6 7. h4 Nc6 8. Rg1 d5 9. Nxc6 bxc6 10. Bd3 Bb4 11. g5 Nxe4 12. Bxe4 dxe4 13. Qxd8+ Kxd8 14. Bd2 e3 15. Bxe3 e5 16. O-O-O+ Kc7 17. gxh6 gxh6 18. Rg7 Be6 19. Ne4 Bf8 20. Rgg1 Be7 21. Bc5 Bxc5 22. Nxc5 Bf5 23. Rg7 Rhf8 24. Re1 Rae8 25. b4 Kb6 26. a4 a5 27. c3 Bg6 28. Nd7+ Kc7 29. Nxf8 Rxf8 30. Rxe5 axb4 31. cxb4 Kd6 32. Re3 Ra8 33. a5 c5 34. bxc5+ Kxc5 35. f4 Kd4 36. Re5 Rc8+ 37. Kd1 Rc3 38. Rg8 Ra3 39. Rd8+ Kc3 40. Re3+ Kb4 41. Rxa3 Kxa3 42. a6 1-0


[Site "https://www.chess.com"]

[Event "Titled Tuesday Blitz August 1 Early 2023"]
[White "Nithyalakshmi, Sivanesan"]
[Black "Fernandez Lopez, Ruben"]
[WhiteFideId "5706955"]
[BlackFideId "24518298"]
[WhiteElo "2332"]
[BlackElo "2510"]
[Result "1-0"]
[Round "2"]
[TimeControl "180+1"]
[Date "2023.08.01"]
[WhiteClock "0:01:46"]
[BlackClock "0:01:57"]
[Board "189"]

1. e4 d5 2. exd5 Nf6 3. Bb5+ Bd7 4. Bc4 Bg4 5. f3 Bf5 6. Nc3 Nbd7 7. d3 a6 8. Be3 h5 9. Nge2 h4 10. Bb3 h3 11. g4 Bg6 12. Ng3 Ne5 13. Qe2 c6 14. dxc6 Nxc6 15. g5 Nh5 16. O-O-O e6 17. d4 Bb4 18. d5 exd5 19. Bc5+ Be4 20. Bxb4 Qxg5+ 21. Kb1 Nf4 22. Qe3 Nxb4 23. fxe4 O-O 24. Rhf1 Ne6 25. Qxg5 Nxg5 26. exd5 Rfe8 27. a3 1-0


[Site "https://www.chess.com"]